 Dungeon Crawl Stone Soup version 0.17-a0-1767-gccbed74 (webtiles) character file.

258 Leibowitz the Poker (level 6, -3/47 HPs)
             Began as a Merfolk Gladiator on Sept 6, 2015.
             Slain by an orc wizard
             ... wielding a +0 dagger of speed
              (4 damage)
             ... on level 4 of the Dungeon.
             The game lasted 00:07:57 (3259 turns).

Leibowitz the Poker (Merfolk Gladiator)             Turns: 3259, Time: 00:07:58

Health: -3/47      AC:  4    Str: 15      XL:     6   Next: 16%
Magic:  6/6        EV: 15    Int:  7 (8)  God:
Gold:   214        SH:  0    Dex: 16      Spells: 0 memorised, 5 levels left

rFire  . . .     SeeInvis .     a - +0 trident
rCold  . . .     Clarity  .     v - +0 leather armour
rNeg   . . .     SustAt   .     (no shield)
rPois  .         Gourm    .     c - +0 helmet
rElec  .         Spirit   .     (no cloak)
rCorr  .         Warding  .     (no gloves)
rMut   .         Stasis   .     (no boots)
MR     +....                    (no amulet)
Stlth  ++........               (no ring)
                                (no ring)

@: somewhat resistant to hostile enchantments, unstealthy
A: change form in water, swift swim, deterioration 1, magic resistance 1, slow
healing 1
a: no special abilities


You were on level 4 of the Dungeon.
You were not hungry.

You visited 1 branch of the dungeon, and saw 4 of its levels.

You collected 214 gold pieces.

Inventory:

Hand weapons
 a - a +0 trident (weapon)
 b - a +0 blowgun
Missiles
 d - 3 throwing nets (quivered)
 n - 3 javelins of penetration
 r - 31 poisoned needles
Armour
 c - a +0 helmet (worn)
 v - a +0 leather armour (worn)
Scrolls
 f - 5 scrolls of identify {unknown}
 h - a scroll of remove curse {unknown}
 k - 2 scrolls of enchant weapon {unknown}
 o - 2 scrolls of enchant armour {unknown}
 q - 2 scrolls of recharging {unknown}
 s - 2 scrolls of amnesia {unknown}
 t - 3 scrolls of random uselessness {unknown}
 u - a scroll of fear {unknown}
 z - 2 scrolls of teleportation {unknown}
Potions
 j - a potion of flight
Comestibles
 e - 2 bread rations
 i - 5 meat rations
 l - 3 chunks of flesh
 p - a royal jelly
 w - 2 slices of pizza


   Skills:
 + Level 3.1 Fighting
 + Level 6.2 Polearms
 + Level 2.1 Throwing
 + Level 1.6 Armour
 + Level 5.8 Dodging
 + Level 1.9 Stealth


You had 5 spell levels left.
You didn't know any spells.

Dungeon Overview and Level Annotations

Branches:
Dungeon (4/15)
 Temple: D:4-7

Altars:
Makhleb
Nemelex Xobeh
Trog
Vehumet


Innate Abilities, Weirdness & Mutations

You revert to your normal form in water.
You are very nimble and swift while swimming.
Your body sometimes deteriorates upon taking damage.
You are resistant to hostile enchantments.
You heal slowly when monsters are visible.


Message History

A magic dart appears from out of thin air!
The magic dart hits you!
* * * LOW HITPOINT WARNING * * *
There is an open door here.
Items here: )) [[ a flail; a ring mail; a short sword; a leather armour You closely miss something.
Something hits you.
* * * LOW HITPOINT WARNING * * *
Something hits you.
* * * LOW HITPOINT WARNING * * *
You puncture something! Something hits you.
* * * LOW HITPOINT WARNING * * *
You miss something.
You hear some strange, mumbled words.
A puff of flame appears from out of thin air!
The puff of flame hits you!
* * * LOW HITPOINT WARNING * * *
Something barely misses you.
You miss something. Something hits you but does no damage. Something hits you.
You die...

#..###'##.....##......
#.......+.....#...#
#...)...#.....'...+
'.......#..[..#...#
#.......#.....#..####+#
##..##..#....##..##...#
##..#####....+........#
.....# #....#........#
.....# #....###@###..#
.....# ##+###..{..# ##
.....# #.....# .....##
.......# ##....#
#.......# ##.####
######### #...# #...#
#...#


There were no monsters in sight!

Vanquished Creatures
  A crimson imp (D:4)
  A worker ant (D:4)
  An iguana (D:4)
  8 adders
  An ooze (D:3)
  A worm (D:3)
  3 giant geckos
  9 orcs
  6 bats
  3 giant cockroaches
  8 hobgoblins
  2 jackals (D:3)
  10 kobolds
  3 quokkas
  2 ball pythons (D:3)
  7 giant newts
  11 goblins
  9 rats
86 creatures vanquished.

Notes
Turn   | Place    | Note
--------------------------------------------------------------
     0 | D:1      | Leibowitz the Merfolk Gladiator began the quest for the Orb.
     0 | D:1      | Reached XP level 1. HP: 16/16 MP: 1/1
   148 | D:1      | Found a sparkling altar of Nemelex Xobeh.
   260 | D:1      | Reached XP level 2. HP: 17/22 MP: 2/2
   546 | D:2      | Reached XP level 3. HP: 26/28 MP: 3/3
   690 | D:2      | Reached skill level 5 in Polearms
   886 | D:2      | Reached skill level 1 in Armour
   886 | D:2      | Reached skill level 5 in Dodging
   886 | D:2      | Reached XP level 4. HP: 31/34 MP: 4/4
  1130 | D:2      | Found a bloodstained altar of Trog.
  1130 | D:2      | Found a burning altar of Makhleb.
  1513 | D:3      | Reached skill level 1 in Stealth
  1871 | D:3      | Found a radiant altar of Vehumet.
  1886 | D:3      | Reached XP level 5. HP: 34/40 MP: 5/5
  2892 | D:4      | Gained mutation: You heal slowly when monsters are visible. [potion of mutation]
  2892 | D:4      | Gained mutation: You are resistant to hostile enchantments. [potion of mutation]
  2892 | D:4      | Gained mutation: Your body sometimes deteriorates upon taking damage. [potion of mutation]
  2959 | D:4      | Reached skill level 6 in Polearms
  3002 | D:4      | Reached XP level 6. HP: 16/47 MP: 6/6
  3252 | D:4      | HP: 2/47 [something (3)]
  3258 | D:4      | HP: 1/47 [something/puff of flame (6)]
  3259 | D:4      | Slain by an orc wizard

Vault maps used:
D:1:      lightli_arrival_isolated_outpost, nemelex_deck
D:2:      gammafunk_temple_overflow_statue
D:3:      lemuel_coloured_pillars_altar
D:4:      first_bread, kennysheep_boxes, uniq_eustachio

Action                   |  1- 3 |  4- 6 || total
-------------------------+-------+-------++-------
Melee: Trident           |   111 |   216 ||   327
 Fire: Blowgun           |       |     3 ||     3
Throw: Throwing net      |     1 |     3 ||     4
  Use: Potion            |       |     7 ||     7
 Stab: Sleeping          |       |     4 ||     4
       Invisible         |       |     1 ||     1
  Eat: Chunk             |       |     8 ||     8
